 Dungeon Crawl Stone Soup version 0.23.2-1-ga50397a6bc (webtiles) character file.

Game seed: 14570129032559132095

445 Mrkan the Cudgeler (level 7, -3/44 HPs)
             Began as a Gargoyle Fighter on May 17, 2019.
             Slain by an ogre
             ... wielding a +0 giant club
              (16 damage)
             ... on level 4 of the Dungeon.
             The game lasted 00:05:35 (2926 turns).

Mrkan the Cudgeler (Gargoyle Fighter)               Turns: 2926, Time: 00:05:35

Health: -3/44      AC: 12    Str: 19    XL:     7   Next: 3%
Magic:  7/7        EV:  7    Int: 11    God:
Gold:   232        SH:  9    Dex:  9    Spells: 6/6 levels left

rFire    . . .     SeeInvis .   a - +0 flail
rCold    . . .     Gourm    .   c - +0 shield
rNeg     + . .     Faith    .   b - +0 scale mail
rPois    ∞         Spirit   .   (no helmet)
rElec    +         Reflect  .   (no cloak)
rCorr    .         Harm     .   (no gloves)
MR       .....                  (no boots)
Stlth    ..........             (no amulet)
HPRegen  0.14/turn              (no ring)
MPRegen  0.10/turn              (no ring)

@: no status effects
A: negative energy resistance 1, electricity resistance, unbreathing,
petrification resistance, rot immunity, AC +4
a: no special abilities


You were on level 4 of the Dungeon.
You were not hungry.

You visited 1 branch of the dungeon, and saw 4 of its levels.

You collected 232 gold pieces.

Inventory:

Hand Weapons
 a - a +0 flail (weapon)
 l - a +3 scythe
 o - a +1 whip of venom
Armour
 b - a +0 scale mail (worn)
 c - a +0 shield (worn)
Jewellery
 h - an uncursed amulet of faith {unknown}
 q - an uncursed amulet of harm {unknown}
 s - an uncursed ring of ice {unknown}
Scrolls
 e - 3 scrolls of remove curse {unknown}
 i - 2 scrolls of amnesia {unknown}
 j - a scroll of fog {unknown}
 p - a scroll of identify {unknown}
 t - a scroll of teleportation {unknown}
 v - a scroll of enchant armour {unknown}
Potions
 d - 2 potions of might
 g - a potion of haste {unknown}
 k - 2 potions of curing {unknown}
 m - 3 potions of cancellation {unknown}
 n - a potion of magic {unknown}
 r - a potion of flight {unknown}
Comestibles
 f - 6 rations


   Skills:
 + Level 4.7 Fighting
 * Level 4.8 Maces & Flails
 + Level 4.7 Armour
 + Level 4.7 Shields


You had 6 spell levels left.
You didn't know any spells.
Your spell library was empty.

Dungeon Overview and Level Annotations

Branches:
Dungeon (4/15)
 Temple: D:4-7

Altars:
Sif Muna

Shops:
D:4 [


Innate Abilities, Weirdness & Mutations

You are resistant to torment.
Your stone body is resilient. (AC +4)
You are immune to poison.
You resist negative energy. (rN+)
You are resistant to electric shocks. (rElec)
You can survive without breathing.
You are immune to petrification.
You are immune to rotting.


Message History

You kill the jackal!
You closely miss the jackal. You block the jackal's attack.
The jackal barely misses you.
You sock the jackal!
You kill the jackal!
Your shield and scale mail prevent you from hitting the ogre.
The ogre completely misses you.
Your shield and scale mail prevent you from hitting the ogre.
The ogre hits you with a +0 giant club.
You hit the ogre.
The ogre is moderately wounded.
The ogre hits you but does no damage.
You barely miss the ogre.
The ogre is moderately wounded.
The ogre hits you with a +0 giant club.
* * * LOW HITPOINT WARNING * * *
Your shield and scale mail prevent you from hitting the ogre.
The ogre is moderately wounded.
The ogre hits you with a +0 giant club!
You die...

......# .# # .....##
.# .. .....###.# # ..
........##. #.##>#.
..... .....# #..#
#.##..###..####.# ..
#.....†O@......#
..........####..####.
####.######### #..#
..##.############..#
..##.##............#
#.##.##.#...#####.##
#.##.#............#
#†##..........#####
#.#...........#


You could see an ogre.

Vanquished Creatures
  Sigmund (D:2)
  An ogre (D:4)
  A scorpion (D:4)
  An iguana (D:4)
  A worker ant (D:4)
  A hound skeleton (D:4)
  4 adders
  3 worms
  A dart slug (D:1)
  3 giant cockroaches
  9 goblins
  7 hobgoblins
  3 jackals (D:4)
  4 kobolds (D:1)
  A quokka (D:4)
  2 ball pythons (D:1)
  4 bats
  A frilled lizard (D:3)
  7 rats
55 creatures vanquished.

Notes
Turn   | Place    | Note
-------+----------+-------------------------------------------
     0 | D:1      | Mrkan the Gargoyle Fighter began the quest for the Orb.
     0 | D:1      | Reached XP level 1. HP: 14/14 MP: 1/1
   147 | D:1      | Reached XP level 2. HP: 12/19 MP: 2/2
   493 | D:1      | Reached XP level 3. HP: 22/23 MP: 3/3
  1444 | D:2      | Reached XP level 4. HP: 25/29 MP: 4/4
  1526 | D:2      | Found a deep blue altar of Sif Muna.
  1627 | D:2      | Noticed Sigmund
  1641 | D:2      | Killed Sigmund
  1641 | D:2      | Reached XP level 5. HP: 26/33 MP: 5/5
  2189 | D:3      | Reached XP level 6. HP: 38/38 MP: 6/6
  2512 | D:4      | Found Odyrav's Antique Armour Shoppe.
  2817 | D:4      | Reached XP level 7. HP: 22/44 MP: 7/7
  2926 | D:4      | Slain by an ogre

Skill      XL: |  1  2  3  4 |
---------------+-------------+-----
Maces & Flails | 3 4 |  4.8
Fighting       | 4 |  4.7
Armour         | 4 |  4.7
Shields        | 4 |  4.7

Action                   |  1- 3 |  4- 6 |  7- 9 || total
-------------------------+-------+-------+-------++-------
Melee: Flail             |   122 |   158 |    12 ||   292
  Eat: Chunk             |     1 |     6 |       ||     7
Armor: Scale mail        |    72 |    99 |     5 ||   176
Dodge: Dodged            |    35 |    45 |     4 ||    84
Block: Shield            |    68 |    95 |     5 ||   168
